AoeStats
← psonic

Arena

508502868Analyzed
2v2 RM · 8d ago on Sep 22, 2026· 43m 16s· 4 players
Game mode
Random Map
Map size
Medium (4 player)
Population
200
Speed
Normal
Resources
Standard
Victory
Conquest
Starting age
Dark Age
Ending age
Imperial Age
RankedLock teamsTeams togetherTeam positionsShared explorationLock speedFull tech treeHidden civsTurbo modeCheats
Victory
Defeat
🇩🇪 Persians · Germany
1282
+15
🇩🇪 Mongols · Germany
1274
+16
🇨🇷 Turks · Costa Rica
1287
-16
🇨🇷 Persians · Costa Rica
1246
-15
Melfyce
10:43 Feudal Age
11:46 Double-Bit Axe
14:42 Castle Age
12:38 Horse Collar
15:39 Bow Saw
18:16 Loom
19:34 Heavy Plow
23:24 Wheelbarrow
22:45 Town Watch
23:31 Gold Mining
24:57 Stone Mining
26:51 Hand Cart
29:15 Imperial Age
27:25 Gold Shaft Mining
26:56 Husbandry
27:07 Bloodlines
27:21 Treadmill Crane
28:20 Scale Barding Armor
28:53 Forging
29:24 Heavy Camel Rider
30:30 Chain Barding Armor
30:47 Iron Casting
31:23 Two-Man Saw
31:47 Plate Barding Armor
31:16 Artillery
32:28 Iron Casting
34:54 Blast Furnace
34:26 Caravan
36:33 Fletching
39:56 Guilds
Divine VI
9:57 Feudal Age
11:44 Loom
15:15 Castle Age
13:31 Double-Bit Axe
13:46 Horse Collar
17:43 Bow Saw
19:21 Wheelbarrow
19:54 Heavy Plow
22:53 Town Watch
26:27 Hand Cart
26:07 Gold Mining
29:24 Imperial Age
27:20 Scale Barding Armor
27:26 Forging
27:45 Stone Mining
28:21 Bloodlines
28:11 Husbandry
29:27 Heavy Camel Rider
31:45 Gold Shaft Mining
31:44 Crop Rotation
32:15 Two-Man Saw
32:09 Ballistics
32:49 Chemistry
32:45 Stone Shaft Mining
32:54 Chain Barding Armor
33:09 Iron Casting
32:25 Fletching
33:02 Cavalier
34:20 Conscription
34:13 Murder Holes
34:42 Thumb Ring
34:00 Crossbowman
35:36 Savar
37:27 Kamandaran
38:56 Elite Skirmisher
40:44 Plate Barding Armor
40:06 Bodkin Arrow
psonic
9:29 Feudal Age
9:55 Double-Bit Axe
13:08 Castle Age
12:16 Horse Collar
14:00 Bow Saw
18:16 Stone Mining
19:06 Gold Mining
22:40 Wheelbarrow
23:45 Hand Cart
23:16 Loom
23:18 Town Watch
28:23 Imperial Age
26:21 Thumb Ring
26:21 Fletching
26:52 Bloodlines
27:02 Heavy Plow
27:14 Bodkin Arrow
27:20 Padded Archer Armor
28:05 Husbandry
29:05 Ballistics
29:16 Bracer
30:20 Chemistry
29:31 Masonry
30:06 Gold Shaft Mining
30:12 Conscription
30:19 Leather Archer Armor
30:44 Parthian Tactics
30:39 Light Cavalry
31:26 Scale Barding Armor
31:32 Forging
31:45 Town Patrol
33:27 Elite Mangudai
34:37 Fortified Wall
35:43 Hoardings
39:01 Capped Ram
41:10 Caravan
40:42 Siege Ram
41:01 Hussar
42:03 Chain Barding Armor
42:19 Iron Casting
Lsk.
10:48 Feudal Age
14:30 Castle Age
12:32 Double-Bit Axe
12:42 Horse Collar
15:22 Bow Saw
17:33 Loom
19:04 Wheelbarrow
18:19 Town Watch
23:36 Hand Cart
26:38 Heavy Plow
29:33 Imperial Age
27:16 Scale Barding Armor
28:12 Bloodlines
28:02 Husbandry
29:29 Forging
30:07 Chain Barding Armor
29:21 Cavalier
30:11 Squires
31:46 Iron Casting
31:10 Savar
31:37 Pikeman
33:03 Plate Barding Armor
33:18 Gold Mining
34:33 Two-Man Saw
34:10 Crop Rotation
33:14 Halberdier
35:05 Blast Furnace
34:46 Scale Mail Armor
36:33 Fletching
37:11 Chain Mail Armor
36:51 Fletching
39:15 Bodkin Arrow
Connection lost

Rejoining the realm…

Still unreachable

The connection could not be restored.

Session expired

The server has moved on; the page needs a fresh start.